MissPrince, chaotic female elven Wizard ------------- ------- . |.......|...| |.....|. --------- ----.. ----...%.).....| |--...-|- |.......| |...... ... ..(...........-|- --.......| |......------- |--...........<.........^..|% |.......-- |..--.(...f.u-----......................)...|. |.-..---- --..--.-----........|.....(............[..--| |-..-- --..--.* -----------...........).)....---.----------..-- |...--. |.*-...-..............---.....).)....))).-- ----..----- ------------........--- ------------.)[--| |.........-- ---------- ---...-- ----- --.....---..-- ------- --.(.---..*-- ----..|..-- --..--------------------- --......- ---........| ---....----- --..|..................--- |........| |...^..`-- |.......| --............I......^..-.. --......-- |--..---- ---.--.-- ----.................--- ------..------...-- |....-(. |...............|..| %.-..(........| ------ -------------------- ------------- MissPrince the Thaumaturge Experience level: 8 Strength: 17 Dexterity: 14 Constitution: 14 Intelligence: 20 Wisdom: 14 Charisma: 13 Health: 0(55) Energy: 20(84) Def: 5 Gold: 1243 Moves: 8152 Dungeon seed: xtKYX1s5XuEpkABO Game ID: MissPrince_1528137386 Your Inventory: Coins $ - 1243 gold pieces Amulets t - an uncursed amulet of reflection (being worn) Weapons a - a blessed +1 quarterstaff K - a +0 elven dagger (weapon in hand) Armor e - an uncursed +0 cloak of magic resistance (being worn) q - an uncursed +0 pair of high boots (being worn) Comestibles w - an uncursed lizard corpse z - 2 uncursed lichen corpses A - an uncursed pancake H - 2 uncursed food rations O - 2 uncursed cram rations V - an uncursed slime mold Scrolls b - an uncursed scroll of teleportation C - an uncursed scroll of identify Potions f - an uncursed potion of see invisible p - a cursed potion of gain energy s - a cursed potion of extra healing x - a potion of holy water M - an uncursed potion of fruit juice U - 2 uncursed potions of object detection Rings d - an uncursed +1 ring of increase accuracy (on left hand) y - a cursed -2 ring of adornment Wands B - a wand of teleportation (0:6) D - a wand of magic missile (0:2) P - a wand of sleep (0:8) S - a wand of magic missile (0:6) T - a wand of striking (0:4) Tools o - a blessed brass lantern (lit) (0:275) r - a +0 pick-axe v - an uncursed skeleton key E - an uncursed oil lamp (0:1472) R - an uncursed towel X - 7 uncursed tallow candles (0:200) Gems c - an uncursed worthless piece of black glass g - an uncursed flint stone h - an uncursed worthless piece of orange glass i - 3 uncursed worthless pieces of blue glass j - an uncursed worthless piece of red glass l - 4 uncursed emeralds m - 2 uncursed diamonds n - an uncursed luckstone F - an uncursed chrysoberyl stone G - 2 uncursed sapphires I - 4 uncursed worthless pieces of white glass J - 2 uncursed worthless pieces of green glass N - 2 uncursed rubies Q - 2 uncursed amethyst stones W - 4 uncursed worthless pieces of yellow glass Y - 3 uncursed worthless pieces of violet glass Z - an uncursed citrine stone Spells and supernatural/magical abilities: Name Level Category Fail Memory a - force bolt 1 attack 0% 60% K - cure sickness 3 healing 63% 60% W - pray for help -- divine ? -- Your skills at the end: Fighting Skills Weapon Skills dagger [Skilled] quarterstaff [Basic] Spellcasting Skills attack spells [Skilled] enchantment spells [Basic] Final Attributes: You were piously aligned. You were sleep resistant. You were poison resistant. You were magic-protected. You were stunned. You had infravision. You were invisible. You had a +1 bonus to hit. You were protected. You were fast. You had reflection. You were lucky. You had extra luck. Bad luck did not time out for you. Good luck did not time out for you. You are dead. Vanquished creatures: 2 giant mimics 4 large mimics a stalker 2 wargs 2 small mimics a freezing sphere a flaming sphere a pit viper a leprechaun an orc-captain a giant spider 2 gnome kings a dwarf mummy a yeti a lizard a dog a dwarf lord a dust vortex a water nymph a mountain nymph 8 Uruk-hai a rock piercer 3 fog clouds 18 gnome lords 8 gnomish wizards a red naga hatchling a guardian naga hatchling a gray ooze a straw golem 2 paper golems 5 floating eyes a kitten 23 dwarves a kobold shaman 2 hill orcs a rabid rat a dwarf zombie 4 iguanas 10 killer bees an acid blob 4 coyotes 6 hobbits 7 manes 2 large kobolds 5 giant rats 4 brown molds a yellow mold a red mold 67 gnomes 2 geckos 16 jackals 3 foxes 3 kobolds 5 goblins 9 sewer rats 10 grid bugs 7 lichens 2 kobold zombies 15 newts 289 creatures vanquished. Voluntary challenges: You had been an atheist until turn 5491. You used a wielded weapon 310 times, starting on turn 134. You read items or engraved 39 times, starting on turn 327. You never genocided any monsters. You never polymorphed an object. You never changed form. You used no wishes. You never split a pudding. You wrote Elbereth's name 30 times, starting on turn 1180. You never violated your personal moral code. Dungeon overview: The Dungeons of Doom: levels 1 to 7 Level 1 an altar to Anhur, some fountains a long staircase Level 2 a fountain stairs to The Gnomish Mines Level 3 some fountains Level 4 a weapon shop, a fountain Level 5 many fountains Level 6 a fountain stairs to Sokoban Level 7 a fountain The Gnomish Mines: levels 3 to 11 Level 3 stairs to The Dungeons of Doom Level 4 Level 5 many shops, a temple to Ptah, some fountains Level 6 Level 7 Level 8 Level 9 Level 10 Level 11 <- You were here Sokoban: levels 2 to 5 Level 2 Level 3 Level 4 Level 5 stairs to The Dungeons of Doom History has recorded: On T:1 you entered the Dungeons of Doom to retrieve the Amulet of Yendor! On T:87 you reached level 2 of The Dungeons of Doom. On T:303 you reached level 3 of The Dungeons of Doom. On T:381 you reached level 1 of The Gnomish Mines. On T:648 you reached level 4 of The Dungeons of Doom. On T:917 you reached level 5 of The Dungeons of Doom. On T:1018 you advanced to experience level 2. On T:1191 you advanced to experience level 3. On T:1373 you advanced to experience level 4. On T:2069 you reached level 6 of The Dungeons of Doom. On T:2160 you advanced to experience level 5. On T:2280 you reached level 4 of Sokoban. On T:2451 you reached level 7 of The Dungeons of Doom. On T:2666 you advanced to experience level 6. On T:2930 you reached level 3 of Sokoban. On T:3556 you reached level 2 of Sokoban. On T:3928 you reached level 1 of Sokoban. On T:4693 you advanced to experience level 7. On T:5297 you reached level 2 of The Gnomish Mines. On T:5462 you reached level 3 of The Gnomish Mines. On T:6148 you reached level 4 of The Gnomish Mines. On T:6381 you reached level 5 of The Gnomish Mines. On T:6444 you advanced to experience level 8. On T:6528 you reached level 6 of The Gnomish Mines. On T:6985 you reached level 7 of The Gnomish Mines. On T:7285 you reached level 8 of The Gnomish Mines. On T:7435 you reached level 9 of The Gnomish Mines. Score breakdown: Gold: 1243 (10527 points) Experience: 8 levels (14739 points) Exploration: 11 levels ( 22.92%) (13837 points) Discoveries: 19 items ( 6.86%) ( 7857 points) Valuables value: (no points given unless you survive) Artifact value: 0 ( 0 points) Variety of kills: 59 monsters ( 15.49%) (11805 points) Turncount: 8152 turns (-2076 points) Survival: died (score multiplied by 80%) Total score: 45351 Latest messages: The large cat starts to attack you, but pulls back. The pony starts to attack you, but pulls back. (2x) The large cat starts to attack you, but pulls back. The pony starts to attack you, but pulls back. The large cat starts to attack you, but pulls back. The pony starts to attack you, but pulls back. The large cat starts to attack you, but pulls back. You feel that Anhur is well-pleased. The magic missile bounces! (2x) The large cat just misses! The pony kicks! The pony misses. The pony kicks! The pony bites! The large cat bites! You die... Final status: Goodbye MissPrince the Wizard, killed by a large cat... You died in The Gnomish Mines on dungeon level 11 with 45351 points, and 1243 pieces of gold, after 8152 moves. You were level 8 with a maximum of 55 hit points when you died.